 Dungeon Crawl Stone Soup version 0.27.1-34-g3ba077fa99 (webtiles) character file.

Game seed: 13050752588833941127

14 Descartes the Grasshopper (level 2, 0/15 HPs)
             Began as a Spriggan Warper on Jan 9, 2022.
             Slain by a jackal (2 damage)
             ... on level 1 of the Dungeon.
             The game lasted 00:01:08 (585 turns).

Descartes the Grasshopper (Spriggan Warper)          Turns: 585, Time: 00:01:08

Health: 0/15       AC:  2    Str:  7    XL:     2   Next: 27%
Magic:  6/6        EV: 17    Int: 14    God:
Gold:   34         SH:  0    Dex: 14    Spells: 6/6 levels left

rFire    . . .     SeeInvis +   a - +0 short sword
rCold    . . .     Faith    .   (shield restricted)
rNeg     . . .     Spirit   .   b - +0 robe
rPois    .         Reflect  .   (helmet restricted)
rElec    .         Harm     .   (no cloak)
rCorr    .         Rampage  .   (gloves unavailable)
Will     .....                  (boots unavailable)
Stlth    ++........             (no amulet)
HPRegen  0.05/turn              (no ring)
MPRegen  0.10/turn              (no ring)

@: very quick
A: very small, no large weapons, unfitting armour, see invisible, speed 3
a: no special abilities


You were on level 1 of the Dungeon.
You visited 1 branch of the dungeon, and saw 1 of its levels.

You collected 34 gold pieces.

Inventory:

Hand Weapons
 a - a +0 short sword (weapon)
Missiles
 d - 5 boomerangs of dispersal (quivered)
 f - 18 arrows
Armour
 b - a +0 robe (worn)
Scrolls
 c - a scroll of blinking
 e - a scroll of immolation {unknown}
Potions
 g - a potion of curing {unknown}
 h - a potion of flight {unknown}


   Skills:
 + Level 1.7 Fighting
 + Level 2.4 Short Blades
 - Level 1.0 Throwing
 + Level 3.4 Dodging
 + Level 1.1 Stealth
 + Level 2.9 Spellcasting
 + Level 4.5 Translocations


You had 6 spell levels left.
You didn't know any spells.
Your spell library contained the following spells:

 Spells                   Type           Power      Damage    Failure   Level
 Blink                    Tloc           N/A        N/A       4%          2
 Gell's Gravitas          Tloc           7%         N/A       10%         3
 Lesser Beckoning         Tloc           7%         N/A       10%         3
 Teleport Other           Tloc           14%        N/A       10%         3
 Manifold Assault         Tloc           14%        N/A       67%         5


Dungeon Overview and Level Annotations

Branches:
Dungeon (1/15)

Altars:
Elyvilon


Innate Abilities, Weirdness & Mutations

You are very small and have problems with some larger weapons.
You are too small for most types of armour.
You have supernaturally acute eyesight. (SInv)
You cover ground extremely quickly. (Speed+++)


Message History

You completely miss the jackal.
The jackal is severely wounded.
The jackal barely misses you.
You closely miss the jackal.
The jackal is severely wounded.
The jackal completely misses you.
You hit the jackal but do no damage.
The jackal is severely wounded.
The jackal bites you but does no damage.
The jackal misses you.
You closely miss the jackal.
The jackal is severely wounded.
The jackal misses you.
You hit the jackal.
The jackal is almost dead.
The jackal bites you.
You hit the jackal but do no damage.
The jackal is almost dead.
The jackal bites you.
* * * LOW HITPOINT WARNING * * *
The jackal misses you.
You barely miss the jackal.
The jackal is almost dead.
The jackal bites you.
* * * LOW HITPOINT WARNING * * *
You closely miss the jackal.
The jackal is almost dead.
The jackal closely misses you. x2
You hit the jackal.
You kill the jackal!
You closely miss the jackal. The jackal barely misses you.
The jackal misses you.
You closely miss the jackal. The jackal completely misses you.
You miss the jackal.
The jackal bites you but does no damage.
The jackal closely misses you.
You hit the jackal.
The jackal is moderately wounded.
The jackal bites you.
You die...

......############
......'..........#
......##########.#
......# #.#
####### #)# #.#
#.# #.# #@# #h#
#.# #.# #.# #.#
#.# #.#


You could see a jackal.

Vanquished Creatures
  A dart slug (D:1)
  2 bats (D:1)
  An endoplasm (D:1)
  2 goblins (D:1)
  2 jackals (D:1)
  A quokka (D:1)
9 creatures vanquished.

Notes
Turn   | Place    | Note
-------+----------+-------------------------------------------
     0 | D:1      | Descartes the Spriggan Warper began the quest for the Orb.
     0 | D:1      | Reached XP level 1. HP: 10/10 MP: 5/5
    76 | D:1      | Found a faded altar of an unknown god.
    88 | D:1      | Became a worshipper of Elyvilon the Healer
    88 | D:1      | Reached * piety under Elyvilon
    89 | D:1      | Fell from the grace of Elyvilon
   429 | D:1      | Reached XP level 2. HP: 15/15 MP: 6/6
   555 | D:1      | Reached skill level 1 in Stealth
   585 | D:1      | Slain by a jackal

Illustrated notes

Levels and vault maps discovered:
D:1:      sevenhm_arrival_forest_fort_small_4, layout_basic,
          hellmonk_ecumenical_altar_heavens_door

Skill      XL: |  1  2 |
---------------+-------+-----
Stealth        | 1 |  1.1
Fighting       | |  1.7
Short Blades   | |  2.4
Throwing       | |  1.0
Dodging        | |  3.4
Spellcasting   | |  2.9
Translocations | |  4.5

Action                   || total
-------------------------++-------
Melee: Short sword       ||    55
Invok: Renounce Religion ||     1
 Stab: Sleeping          ||     3
Armor: Robe              ||     7
Dodge: Dodged            ||    46
